 Dungeon Crawl Stone Soup version 0.18-a0-1303-g41c131c (webtiles) character file.

876 kae the Carver (level 7, -6/57 HPs)
             Began as a Minotaur Fighter on Feb 12, 2016.
             Was a Believer of Qazlal.
             Mangled by an ogre
             ... wielding a +0 giant club
              (29 damage)
             ... on level 6 of the Dungeon.
             The game lasted 00:07:33 (3371 turns).

kae the Carver (Minotaur Fighter)                   Turns: 3371, Time: 00:07:33

Health: -6/57      AC:  9    Str: 20    XL:     7   Next: 74%
Magic:  6/6        EV:  7    Int:  6    God:    Qazlal [**....]
Gold:   143        SH: 13    Dex: 11    Spells: 0 memorised, 6 levels left

rFire  + . .     SeeInvis .     a - +0 long sword
rCold  . . .     Gourm    .     b - +0 scale mail
rNeg   . . .     Faith    .     c - +0 shield
rPois  .         Spirit   .     (helmet restricted)
rElec  .         Dismiss  .     (no cloak)
rCorr  .         Reflect  .     j - +0 pair of gloves
SustAt .         Harm     .     l - +0 pair of boots
MR     .....                    w - amulet of regeneration
Stlth  ..........               (no ring)
                                t - ring of protection from fire

@: not resistant to hostile enchantments, extremely unstealthy
A: retaliatory headbutt, horns 2
a: Upheaval, Renounce Religion


You were on level 6 of the Dungeon.
You worshipped Qazlal.
Qazlal was pleased with you.
You were hungry.

You visited 1 branch of the dungeon, and saw 6 of its levels.
You also visited: Sewer.

You collected 221 gold pieces.
You spent 78 gold pieces at shops.

Inventory:

Hand Weapons
 a - a +0 long sword (weapon)
Armour
 b - a +0 scale mail (worn)
 c - a +0 shield (worn)
 j - a +0 pair of gloves (worn)
 l - a +0 pair of boots (worn)
Jewellery
 t - a ring of protection from fire (left hand)
 w - an amulet of regeneration (around neck)
Wands
 h - a wand of iceblast (3/15)
Scrolls
 q - 5 scrolls of teleportation
 r - a scroll of fog
 y - 2 scrolls of fear
Potions
 d - 2 potions of might
 e - 2 potions of haste
 g - 2 potions of magic
 i - a potion of brilliance {unknown}
 m - a potion of mutation
 n - a potion of cure mutation
 o - 2 potions of flight
 p - 3 potions of curing
 u - 2 potions of degeneration
 v - a potion of lignification {unknown}
 z - a potion of heal wounds {unknown}
Books
 s - a book of Annihilations

   Spells                             Type                      Level
   a - Poison Arrow                   Conjuration/Poison           6
   b - Chain Lightning                Conjuration/Air              8
   c - Lehudib's Crystal Spear        Conjuration/Earth            8
   d - Glaciate                       Conjuration/Ice              9
   e - Fire Storm                     Conjuration/Fire             9
Comestibles
 f - 4 bread rations
 k - 2 beef jerkies
 A - a meat ration


   Skills:
 - Level 3.6 Fighting
 + Level 10.7 Long Blades
 - Level 3.6 Armour
 - Level 3.6 Shields


You had 6 spell levels left.
You didn't know any spells.

Dungeon Overview and Level Annotations

Branches:
Dungeon (6/15)             Temple (0/1) D:4

Altars:
Cheibriados
Dithmenos
Qazlal
Zin

Shops:
D:4 !   D:5 %


Innate Abilities, Weirdness & Mutations

You reflexively headbutt those who attack you in melee.
You have a pair of horns on your head.


Message History

Unknown command.
The orc priest mumbles some strange prayers to Beogh against you.
Something smites you!
Unknown command.
You hit the ogre. You headbutt the ogre.
The ogre is almost dead.
The ogre hits you with a giant club.
A jelly comes into view.
Unknown command.
Your shield and scale mail prevent you from hitting the ogre.
The ogre is almost dead.
The orc priest invokes the aid of Beogh against you.
Something smites you!
The water moccasin skeleton bites you but does no damage.
Unknown command.
You hit the ogre but do no damage.
The ogre is almost dead.
The ogre hits you with a giant club!!
Ouch! That really hurt!
You die...

#.............
#...........[.
#.[........J%.
#......o).....
#....o........
#.....ooZ.....
#....§OZ..#
#.....@...#.#
######.§####.#
#.....§...(..#
#.####.#.###.#
......[......#
######.#..#..#
#.#.....#
#.#.....#
#.#.(...#


You could see an ogre, a jelly, an orc priest, 3 orcs, an adder zombie and a
water moccasin skeleton.

Vanquished Creatures
  Duvessa (D:4)
  Purgy (Sewer)
  The ghost of skk the Sneak, an amateur KoAs of Xom (D:3)
  A giant frog (D:4)
  Dowan (D:4)
  2 scorpions
  3 hounds
  2 worker ants
  2 hound skeletons
  Robin (D:4)
  7 adders
  2 gnolls
  2 oozes (D:2)
  2 worms (D:4)
  5 giant geckos
  8 orcs
  6 ball pythons
  11 bats
  9 giant cockroaches
  22 goblins
  15 hobgoblins
  2 jackals (D:1)
  A quokka (D:3)
  A giant cockroach zombie (D:5)
  5 giant newts
  6 kobolds
  2 quokka skeletons
  4 rats
125 creatures vanquished.

Notes
Turn   | Place    | Note
--------------------------------------------------------------
     0 | D:1      | kae the Minotaur Fighter began the quest for the Orb.
     0 | D:1      | Reached XP level 1. HP: 19/19 MP: 0/0
   166 | D:1      | Reached XP level 2. HP: 21/26 MP: 1/1
   216 | D:1      | Reached skill level 4 in Long Blades
   535 | D:1      | Reached XP level 3. HP: 31/31 MP: 2/2
   936 | D:2      | Found a faded altar to an unknown god.
   964 | D:2      | Found a stormy altar of Qazlal.
  1031 | D:2      | Became a worshipper of Qazlal Stormbringer
  1059 | D:2      | Reached skill level 5 in Long Blades
  1188 | D:2      | Reached XP level 4. HP: 39/39 MP: 3/3
  1658 | D:3      | Reached * piety under Qazlal
  1881 | D:3      | Noticed skk's ghost (amateur KoAs)
  1895 | D:3      | Killed skk's ghost
  1895 | D:3      | Reached skill level 6 in Long Blades
  1895 | D:3      | Reached XP level 5. HP: 45/45 MP: 4/4
  2006 | D:3      | Reached skill level 7 in Long Blades
  2159 | D:4      | Found Wuhedd's Distillery.
  2175 | D:4      | Bought a potion of degeneration for 12 gold pieces
  2175 | D:4      | Bought a potion of mutation for 30 gold pieces
  2175 | D:4      | Bought a potion of curing for 36 gold pieces
  2200 | D:4      | Reached XP level 6. HP: 51/51 MP: 5/5
  2251 | D:4      | Found a staircase to the Ecumenical Temple.
  2418 | D:4      | Noticed Duvessa
  2418 | D:4      | Noticed Dowan
  2422 | D:4      | Reached skill level 8 in Long Blades
  2423 | D:4      | Noticed Robin
  2437 | D:4      | Killed Duvessa
  2437 | D:4      | Reached skill level 9 in Long Blades
  2445 | D:4      | Killed Dowan
  2445 | D:4      | Reached ** piety under Qazlal
  2445 | D:4      | Reached XP level 7. HP: 57/57 MP: 6/6
  2464 | D:4      | Killed Robin
  2579 | D:4      | Found a glowing drain.
  2598 | Sewer    | Entered a sewer
  2657 | Sewer    | Noticed Purgy
  2667 | Sewer    | Killed Purgy
  2902 | D:5      | Entered Level 5 of the Dungeon
  2935 | D:5      | Reached skill level 10 in Long Blades
  3055 | D:5      | Found a glowing silver altar of Zin.
  3056 | D:5      | Noticed an angel
  3083 | D:5      | Found Zyvyll's Food Shop.
  3283 | D:5      | Found a snail-covered altar of Cheibriados.
  3305 | D:5      | Found a shadowy altar of Dithmenos.
  3371 | D:6      | Mangled by an ogre

Vault maps used:
D:1:      ncdulo_smallfort, serial_bayou_ford_a, minmay_misc_feat_iff
D:2:      lemuel_crystal_altar, ecumenical_altar_1
D:4:      serial_shops, shop, gup_sewer_entry_bubbles, uniq_robin, uniq_duvessa
D:5:      marbit_many_paths, nicolae_overflow_hidden_temple, zin_angel,
          serial_shops, shop, first_bread
D:6:      hangedman_decor_diamond_cutter, lemuel_tele_altar
Sewer:    sewer_co_purgy_island

Action                   |  1- 3 |  4- 6 |  7- 9 || total
-------------------------+-------+-------+-------++-------
Melee: Long sword        |   113 |   110 |   104 ||   327
Evoke: Wand              |       |       |     3 ||     3
  Use: Scroll            |       |     8 |     1 ||     9
       Potion            |       |     1 |       ||     1
  Eat: Chunk             |     1 |     4 |     3 ||     8
